 Dungeon Crawl Stone Soup version 0.28-a0-793-g31680bbd8b (webtiles) character file.

Game seed: 2583059302951905266

18 kae the Caller (level 2, -2/21 HPs)
             Began as a Merfolk Summoner on Nov 4, 2021.
             Slain by a hound (4 damage)
             ... on level 5 of the Dungeon.
             The game lasted 00:01:03 (1743 turns).

kae the Caller (Merfolk Summoner)                   Turns: 1743, Time: 00:01:04

Health: -2/21      AC:  2    Str:  8    XL:     2   Next: 70%
Magic:  5/5        EV: 12    Int: 20    God:
Gold:   84         SH:  0    Dex: 14    Spells: 4/5 levels left

rFire   . . .      SeeInvis .   b - +0 whip (venom)
rCold   . . .      Faith    .   (no shield)
rNeg    . . .      Spirit   .   a - +0 robe
rPois   .          Reflect  .   (no helmet)
rElec   .          Harm     .   (no cloak)
rCorr   .          Rampage  .   (no gloves)
Will    .....                   (no boots)
Stlth   ++........              (no amulet)
HPRegen 0.07/turn               f - +6 ring of intelligence
MPRegen 0.09/turn               (no ring)

@: no status effects
A: (nimble swimmer 2), mertail
a: no special abilities


You were on level 5 of the Dungeon.
You visited 1 branch of the dungeon, and saw 4 of its levels.

You collected 84 gold pieces.

Inventory:

Hand Weapons
 b - a +0 whip of venom (weapon)
Armour
 a - a +0 robe (worn)
Jewellery
 f - a +6 ring of intelligence (left hand)
Potions
 c - a potion of brilliance {unknown}
 d - a potion of attraction {unknown}
 e - 2 potions of heal wounds {unknown}
 g - 2 potions of might {unknown}
 h - a potion of degeneration {unknown}


   Skills:
 + Level 1.0 Fighting
 - Level 2.6 Dodging
 - Level 2.1 Stealth
 + Level 2.2 Spellcasting
 * Level 4.4 Summonings


You had 4 spell levels left.
You knew the following spells:

 Your Spells              Type           Power      Damage    Failure   Level
a - Summon Small Mammal   Summ           76%        N/A       2%          1

Your spell library contained the following spells:

 Spells                   Type           Power      Damage    Failure   Level
 Call Imp                 Summ           19%        N/A       3%          2
 Call Canine Familiar     Summ           19%        N/A       8%          3
 Apportation              Tloc           4%         N/A       16%         1
 Summon Guardian Golem    Hex/Summ       11%        N/A       19%         3
 Ignite Poison            Fire/Tmut/Pois 2%         N/A       43%         3
 Mephitic Cloud           Conj/Pois/Air  2%         N/A       43%         3
 Stone Arrow              Conj/Erth      4%         3d7       43%         3
 Animate Armour           Summ/Erth      22%        N/A       52%         4
 Summon Lightning Spire   Summ/Air       11%        N/A       52%         4
 Alistair's Intoxication  Tmut/Pois      1%         N/A       99%         5
 Freezing Cloud           Conj/Ice/Air   1%         6-21      99%         5
 Invisibility             Hex            1%         N/A       100%        6
 Lehudib's Crystal Spear  Conj/Erth      1%         10d2      100%        8


Dungeon Overview and Level Annotations

Branches:
Dungeon (3/15)

Altars:


Innate Abilities, Weirdness & Mutations

((You are quick and stealthy near water. (Stealth+, EV+, Speed+++)))
Your lower body shifts to a powerful aquatic tail in water.


Message History

The hound barks!
Unknown command.
A hound is nearby!
Casting: Summon Small Mammal (safe; 2% risk of failure)
Confirm with . or Enter, or press ? or * to list all spells.
You barely miss the hound. The hound barely misses you.
Your quokka barely misses the hound.
The hound closely misses you.
You barely miss the hound. The hound bites you.
Your quokka bites the hound but does no damage.
The hound closely misses you.
You barely miss the hound. Your quokka misses the hound. The hound misses you.
Your quokka barely misses the hound.
You hit the hound but do no damage. The hound bites you.
The hound closely misses you.
Your quokka bites the hound.
You barely miss the hound.
The hound is lightly wounded.
The hound bites you.
Your quokka completely misses the hound.
The hound bites you.
You are too injured to fight recklessly!
You are too injured to fight recklessly!
You are too injured to fight recklessly!
You barely miss the hound.
The hound is lightly wounded.
Your quokka closely misses the hound.
The hound misses you.
Your quokka closely misses the hound.
You barely miss the hound.
The hound is lightly wounded.
The hound bites you.
* * * LOW HITPOINT WARNING * * *
Your quokka bites the hound.
The hound closely misses you.
You closely miss the hound.
The hound is moderately wounded.
Your quokka bites the hound but does no damage.
The hound bites you.
* * * LOW HITPOINT WARNING * * *
You closely miss the hound.
The hound is moderately wounded.
The hound bites you.
You die...

....<........########
...........##.......##
.........####........#
.........# #........##
######..## #.........#
####..### ##.......##
###.......## ##......#
...........## #.....##
......r@....# ##....#
......h.....# ######
.............#
.....<......##
............#
...........##
...........#
............


You could see a hound (ally target) and a friendly quokka (summoned).

Vanquished Creatures
  3 giant cockroaches
  A hobgoblin (D:2)
  2 jackals (D:2)
  2 kobolds
  A ball python (D:1)
  4 bats
  A frilled lizard (D:2)
14 creatures vanquished.

Vanquished Creatures (collateral kills)
  An endoplasm (D:2)
  2 ball pythons (D:1)
3 creatures vanquished.

Grand Total: 17 creatures vanquished

Notes
Turn   | Place    | Note
-------+----------+-------------------------------------------
     0 | D:1      | kae the Merfolk Summoner began the quest for the Orb.
     0 | D:1      | Reached XP level 1. HP: 13/13 MP: 3/3
   523 | D:1      | Found a faded altar of an unknown god.
  1098 | D:2      | Reached XP level 2. HP: 20/20 MP: 5/5
  1252 | D:2      | Reached skill level 1 in Fighting
  1710 | D:3      | You fall into a shaft and drop 2 floors!
  1710 | D:5      | Entered Level 5 of the Dungeon
  1743 | D:5      | Slain by a hound

Illustrated notes

Levels and vault maps discovered:
D:1:      shiori_shiawase, layout_basic, shapermc_ecumenical_altar_notcrosses,
          dk_noncrumbling_2
D:2:      layout_rooms, minmay_misc_feat_ornament
D:3:      kennysheep_big_flooded_room, layout_loops_cross,
          mainiacjoe_overflow_cross_hatched, serial_shops,
          nicolae_shop_statue_plus, dk_noncrumbling_4, columned_hall_lemuel,
          bh_walls_and_bars
D:5:      layout_cave_pods, nicolae_wu_jian_wuxing_cycle, bloody_makhleb,
          minmay_temple_entry_stoned_glass, serial_bayou_ford_a

Skill      XL: |  1  2 |
---------------+-------+-----
Fighting       | 1 |  1.0
Dodging        | |  2.6
Stealth        | |  2.1
Spellcasting   | |  2.2
Summonings     | |  4.4

Action                   || total
-------------------------++-------
Melee: Unarmed           ||    11
       Whip              ||    38
 Cast: Summon Small Mamm ||    17
  Use: Scroll            ||     1
 Stab: Sleeping          ||     2
Armor: Robe              ||    12
Dodge: Dodged            ||    49

Table legend: (Time is in decaauts)
 A = Elapsed time spent in this place.
 B = Non-inter-level travel time spent in this place.
 C = Inter-level travel time spent in this place.
 D = Time resting spent in this place.
 E = Time spent auto-exploring this place.
 F = Levels seen in this place.
 G = Mean time per level.
                   A        B        C        D        E       F      G
               +--------+--------+--------+--------+--------+-----+--------+
         Total |   1745 |   1677 |     68 |      0 |   1502 |   4 |  436.2 |
       Dungeon |   1745 |   1677 |     68 |      0 |   1502 |   4 |  436.2 |
               +--------+--------+--------+--------+--------+-----+--------+

Top non-repeatable levels by time:
     D:1: 1094 daAuts
     D:2: 590 daAuts
     D:5: 33 daAuts
     D:3: 26 daAuts
